 Dungeon Crawl Stone Soup version 0.31-a0-876-gfe8ebadbca (webtiles) character file.

Game seed: 6934304851996232080

8316 BinkBink the Carver (level 11, -1/86 HPs)
             Began as a Demonspawn Fighter on Oct 13, 2023.
             Was a Believer of Qazlal.
             Slain by Gastronok (29 damage)
             ... on level 9 of the Dungeon.
             The game lasted 00:17:05 (11123 turns).

BinkBink the Carver (Demonspawn Fighter)           Turns: 11123, Time: 00:17:06

Health: -1/86      AC:  8    Str: 23    XL:     11   Next: 8%
Magic:  11/11      EV: 12    Int: 10    God:    Qazlal [**....]
Gold:   399        SH: 16    Dex: 16    Spells: 10/10 levels left

rFire   + . .        p - +2 long sword (heavy)
rCold   + . .        A - +2 kite shield {rPois}
rNeg    + . .        C - +3 scale mail
rPois   +            B - -2 hat of the Alchemist {rElec rPois rF+ rC+ rN+ Will+ rMut rCorr}
rElec   +            (no cloak)
rCorr   +            (gloves unavailable)
SInv    .            (no boots)
Will    +....        (no amulet) Stlth
                     w - +6 ring of strength
HPRegen 0.34/turn    (no ring)
MPRegen 0.12/turn

%: resist mutation
@: mighty, very slow
A: claws 3, powered by pain 2, spiny 3, sharp scales 1
a: Renounce Religion, Upheaval


You were on level 9 of the Dungeon.
You worshipped Qazlal.
Qazlal was pleased with you.
You visited 2 branches of the dungeon, and saw 10 of its levels.

You collected 621 gold pieces.
You spent 222 gold pieces at shops.

Inventory:

Hand Weapons
 p - a +2 heavy long sword (weapon)
Armour
 A - a +2 kite shield of poison resistance (worn)
 B - the -2 hat of the Alchemist (worn) {rElec rPois rF+ rC+ rN+ Will+ rMut rCorr}
   (You found it on level 2 of the Dungeon)

   rF+:       It protects you from fire.
   rC+:       It protects you from cold.
   rElec:     It insulates you from electricity.
   rPois:     It protects you from poison rN+: It protects you from negative
   energy.
   Will+:     It increases your willpower.
   rCorr:     It protects you from acid and corrosion.
   rMut:      It protects you from mutation.
 C - a +3 scale mail (worn)
 J - a +1 plate armour of fire resistance
Magical Staves
 e - a staff of fire
Jewellery
 r - a ring of ice
 w - a +6 ring of strength (left claw)
 D - a ring of wizardry
 L - a ring of fire
Wands
 b - a wand of flame (35)
 c - a wand of light (6)
 z - a wand of polymorph (10)
 E - a wand of mindburst (16)
 G - a wand of iceblast (6)
Scrolls
 g - a scroll of fog
 h - 7 scrolls of teleportation
 l - 3 scrolls of fear
 n - 2 scrolls of amnesia
 o - 2 scrolls of blinking
 q - 3 scrolls of vulnerability
 v - 3 scrolls of revelation
 x - a scroll of poison
 y - a scroll of acquirement {unknown}
 H - a scroll of immolation {unknown}
 I - a scroll of brand weapon {unknown}
 K - 3 scrolls of identify
Potions
 a - a potion of berserk rage {unknown}
 d - 3 potions of might
 f - 3 potions of mutation {unknown}
 i - 3 potions of cancellation {unknown}
 j - 2 potions of degeneration {unknown}
 k - a potion of haste {unknown}
 m - 3 potions of curing {unknown}
 s - a potion of ambrosia {unknown}
 t - a potion of enlightenment {unknown}
 u - a potion of lignification {unknown}
 F - 2 potions of magic {unknown}


   Skills:
 + Level 8.3 Fighting
 - Level 2.7(6.8) Short Blades
 * Level 9.8(10.0) Long Blades
 - Level 2.6 Armour
 + Level 6.9 Dodging
 + Level 7.6 Shields


You had 10 spell levels left.
You didn't know any spells.
Your spell library contained the following spells:

 Spells                   Type           Power      Damage    Failure   Level
 Ozocubu's Armour         Ice            0%         N/A       99%         3
 Tukima's Dance           Hex            0%         N/A       99%         3
 Volatile Blastmotes      Fire/Tloc      0%         2d10      99%         3
 Dimensional Bullseye     Hex/Tloc       0%         N/A       100%        4
 Fulminant Prism          Conj/Hex       0%         3d5       100%        4
 Iskenderun's Mystic Bla  Conj/Tloc      0%         2d3       100%        4
 Summon Ice Beast         Ice/Summ       0%         N/A       100%        4
 Summon Mana Viper        Hex/Summ       0%         N/A       100%        5
 Monstrous Menagerie      Summ           0%         N/A       100%        7
 Ozocubu's Refrigeration  Ice            0%         4d7       100%        7


Dungeon Overview and Level Annotations

Branches:
Dungeon (9/15)             Temple (1/1) D:6            Lair (0/5) D:8
    Orc (0/2) D:9

Altars:
Ashenzari
Cheibriados
Fedhas
Gozag
Hepliaklqana
Kikubaaqudgha
Makhleb
Nemelex Xobeh
Okawaru
Qazlal
Sif Muna
Trog
Uskayaw
Wu Jian
Yredelemnul

Shops:
D:2 [

Annotations:
D:9 Gastronok


Innate Abilities, Weirdness & Mutations

You have claws for hands.
You sometimes gain power by taking damage.
You are completely covered in sharp spines.
You are partially covered in razor-sharp scales. (AC +1, Slay +1)


Message History

You slice Gastronok!!
Gastronok is lightly wounded.
You block the bat's attack.
The river rat bites you but does no damage.
The bat hits you but does no damage. The river rat is struck by your spines.
The river rat closely misses you. You block Gastronok's attack.
Your unstable footing causes you to fumble your attack.
You block the bat's attack. x2; You block the river rat's attack.
Your unstable footing causes you to fumble your attack.
You block the bat's attack. The bat is struck by your spines.
You kill the bat!
The bat's corpse disappears in a puff of smoke!
The river rat barely misses you. Gastronok is struck by your spines.
Gastronok bites you. The river rat is struck by your spines.
You kill the river rat!
The river rat's corpse disappears in a puff of smoke!
You slash Gastronok!
Gastronok is moderately wounded.
You block Gastronok's attack.
Your unstable footing causes you to fumble your attack.
You block Gastronok's attack.
Your unstable footing causes you to fumble your attack.
You slice Gastronok!!
Gastronok is moderately wounded.
You block Gastronok's attack.
You slice Gastronok!!
Gastronok is heavily wounded.
Gastronok waves his eye-stalks in wide circles.
The air twists around and strikes you!!
You focus on the pain.
You feel very mighty all of a sudden.
You hit Gastronok.
Gastronok is severely wounded.
You slash Gastronok!
Gastronok is severely wounded.
Gastronok waves his eye-stalks in wide circles.
The air twists around and strikes you!!!
Your unstable footing causes you to fumble your attack.
Gastronok bites you!!
You die...
Gastronok gurgles, "About time.
I'm starving!"

.##..........#.....##.......####
..##.#.......###..........###
..<#..)##..........#..#...##
#.))#...#..........##..#...#
#...###...............##...#
..8..###÷...............####
......#.)......⌠.~~.~....##
.#'#..#......#..~~~~~.....###
##.##.#......##.@≈≈≈~.......#
#...#.#......##w○~~~~....#..##
#...#.#......#...~.......##..#
##†##.#......#...~..........##
.#'#..#......#._~....⌠..##...#
..)..##.#....#....##.........#
.)8..#..#....########.(.##...##
....##.#........ .......#....#
...##........... ............#


You could see Gastronok (swift).

Vanquished Creatures
  Pikel (D:8)
  Maurice (D:8)
  A rime drake (D:8)
  An unseen horror (D:8)
  A troll (D:7)
  Grinder (D:6)
  3 wyverns
  A steam dragon (D:9)
  3 wargs (D:9)
  An acid dragon (D:8)
  5 water moccasins
  5 orc warriors
  4 ice beasts (D:8)
  2 sky beasts
  3 ogres (D:6)
  3 wolves (D:8)
  5 centaurs
  A lemure (D:8)
  2 kobold brigands (D:6)
  4 bullfrogs
  Blork the orc (D:6)
  4 scorpions
  12 wights
  20 killer bees (D:8)
  A howler monkey (D:5)
  2 hounds
  4 jellies (D:6)
  2 orc priests (D:9)
  A gnoll bouda (D:8)
  An iron imp (D:4)
  2 iguanas
  2 sleepcaps
  Natasha (thrice) (D:4)
  7 orc wizards
  3 gnolls (D:8)
  10 adders
  A shadow imp (D:6)
  3 white imps
  An ufetubus (D:6)
  11 dart slugs
  22 orcs
  10 bats
  7 endoplasms
  A giant cockroach (D:1)
  8 hobgoblins
  9 jackals
  2 quokkas (D:3)
  6 ball pythons
  2 frilled lizards
  2 goblins
  17 kobolds
  6 rats
231 creatures vanquished.

Notes
Turn   | Place    | Note
-------+----------+-------------------------------------------
     0 | D:1      | BinkBink the Demonspawn Fighter began the quest for the
                  | Orb.
     0 | D:1      | Reached XP level 1. HP: 18/18 MP: 1/1
   286 | D:1      | Gained mutation: You sometimes gain a little power by
                  | taking damage. [demonic ancestry]
   286 | D:1      | Reached XP level 2. HP: 24/24 MP: 2/2
  1116 | D:2      | Gained mutation: You are partially covered in sharp spines.
                  | [demonic ancestry]
  1116 | D:2      | Reached XP level 3. HP: 29/29 MP: 3/3
  1148 | D:2      | Reached skill level 1 in Dodging
  1184 | D:2      | You fall into a shaft and drop 2 floors!
  1456 | D:2      | Found Mifatugg's Armour Shoppe.
  1477 | D:2      | Identified the +0 ring mail of the Hidden Xeniums {-Tele
                  | rC+ Dex+3}
  1866 | D:2      | Found the -2 hat of the Alchemist {rElec rPois rF+ rC+ rN+
                  | Will+ rMut rCorr}
  2341 | D:3      | Gained mutation: You have sharp fingernails. [demonic
                  | ancestry]
  2341 | D:3      | Reached XP level 4. HP: 24/35 MP: 4/4
  3145 | D:4      | Noticed Natasha
  3149 | D:4      | Killed Natasha
  3150 | D:4      | Reached skill level 1 in Long Blades
  3182 | D:4      | Gained mutation: You have very sharp fingernails. [demonic
                  | ancestry]
  3182 | D:4      | Reached XP level 5. HP: 38/41 MP: 5/5
  3248 | D:4      | Noticed Natasha
  3252 | D:4      | Killed Natasha
  3327 | D:4      | Noticed Natasha
  3332 | D:4      | Killed Natasha
  3333 | D:4      | Reached skill level 2 in Long Blades
  3956 | D:4      | Found a snail-covered altar of Cheibriados.
  4264 | D:5      | Entered Level 5 of the Dungeon
  4272 | D:4      | Gained mutation: You sometimes gain power by taking damage.
                  | [demonic ancestry]
  4272 | D:4      | Reached XP level 6. HP: 28/48 MP: 6/6
  4643 | D:5      | Reached skill level 3 in Long Blades
  5225 | D:6      | Gained mutation: You are mostly covered in sharp spines.
                  | [demonic ancestry]
  5225 | D:6      | Reached XP level 7. HP: 52/55 MP: 7/7
  5344 | D:6      | Reached skill level 4 in Long Blades
  5364 | D:6      | Noticed Blork the orc
  5561 | D:6      | Found a hazy altar of Hepliaklqana.
  5566 | D:6      | Noticed Grinder
  5599 | D:6      | Killed Grinder
  5600 | D:6      | Reached skill level 5 in Fighting
  5689 | D:6      | Found a staircase to the Ecumenical Temple.
  5702 | D:6      | Killed Blork the orc
  5703 | D:6      | Gained mutation: You have claws for hands. [demonic
                  | ancestry]
  5703 | D:6      | Reached XP level 8. HP: 50/62 MP: 8/8
  5793 | D:6      | Reached skill level 5 in Long Blades
  5802 | Temple   | Entered the Ecumenical Temple
  5838 | Temple   | Became a worshipper of Qazlal Stormbringer
  6063 | D:6      | Reached skill level 5 in Shields
  6174 | D:6      | Found a burning altar of Makhleb.
  6406 | D:7      | Found an opulent altar of Gozag.
  6411 | D:7      | Reached skill level 6 in Long Blades
  6712 | D:6      | Gained mutation: You are completely covered in sharp
                  | spines. [demonic ancestry]
  6712 | D:6      | Reached XP level 9. HP: 47/64 MP: 9/9
  7048 | D:7      | Reached * piety under Qazlal
  7174 | D:7      | Noticed a troll
  7193 | D:7      | Killed a troll
  7194 | D:7      | Reached skill level 5 in Dodging
  7502 | D:7      | Reached skill level 7 in Long Blades
  7644 | D:7      | Found a basalt altar of Yredelemnul.
  7644 | D:7      | Found an iron altar of Okawaru.
  7868 | D:8      | Found a blossoming altar of Fedhas.
  7896 | D:8      | Noticed a rime drake
  7897 | D:8      | Found a staircase to the Lair.
  7912 | D:8      | Killed a rime drake
  7983 | D:8      | Reached skill level 8 in Long Blades
  7990 | D:8      | Gained mutation: You are partially covered in razor-sharp
                  | scales. (AC +1, Slay +1) [demonic ancestry]
  7990 | D:8      | Reached XP level 10. HP: 64/79 MP: 10/10
  8097 | D:8      | Noticed Pikel
  8110 | D:8      | Killed Pikel
  8251 | D:8      | Found a bloodstained altar of Trog.
  8289 | D:8      | Noticed Maurice
  8293 | D:8      | Maurice stole 264 gold
  8294 | D:8      | Maurice stole a staff of fire
  8301 | D:8      | Killed Maurice
  8513 | D:2      | Bought a +2 kite shield of poison resistance for 222 gold
                  | pieces
  8978 | D:8      | Reached skill level 9 in Long Blades
  8979 | D:8      | Reached ** piety under Qazlal
 10155 | D:9      | Found an ancient bone altar of Kikubaaqudgha.
 10660 | D:9      | Found a shimmering blue altar of Sif Muna.
 10748 | D:9      | Reached XP level 11. HP: 81/85 MP: 11/11
 10827 | D:9      | Found a staircase to the Orcish Mines.
 11107 | D:9      | Noticed Gastronok
 11123 | D:9      | Slain by Gastronok

Illustrated notes

Levels and vault maps discovered:
D:1:      dpeg_arrival_central, layout_basic, minmay_pentomino_s4
D:2:      layout_basic, serial_shops, nicolae_shop_tiny_glass
D:3:      layout_loops_corners, shapermc_ecumenical_altar_petra,
          kennysheep_nondescript, chequers_serial_rivers_large_b
D:4:      layout_basic, chei_slow_surprise, nicolae_half_adder, uniq_natasha
D:5:      kennysheep_slugbush, layout_basic, nicolae_zig_zag_zippers
D:6:      layout_basic, lemuel_crystal_altar, kennysheep_mini,
          lightli_temple_of_fire, minmay_temple_entry_arrows,
          uniq_blork_the_orc, uniq_grinder
D:7:      layout_basic, nicolae_gozag_seed_capital, jmf_multi_god_temple
D:8:      layout_loops_corners, lemuel_round_altar, lemuel_doored_altar,
          hellmonk_lair_entry_icy, grunt_potential, uniq_pikel, uniq_maurice
D:9:      layout_cave_pools, kiku_gazebo_pond_becter, kennysheep_orc_sif_temple,
          david_orc_1_choice, minmay_fountain_box, minivault_5, uniq_gastronok
Temple:   nicolae_temple_superstar

Skill      XL: |  1  2  3  4  5  6  7  8  9 10 |
---------------+-------------------------------+-----
Short Blades   | 2 |  2.7
Shields        | 3 4 5 6 7 |  7.6
Dodging        | 1 2 3 4 5 6 |  6.9
Long Blades    | 1 2 3 4 6 8 9 |  9.8
Fighting       | 4 5 6 7 8 |  8.3
Armour         | |  2.6

Action                     |  1- 3 |  4- 6 |  7- 9 | 10-12 || total
---------------------------+-------+-------+-------+-------++-------
  Melee: Rapier            |   158 |       |       |       ||   158
         Long sword        |     7 |    78 |   148 |   188 ||   421
    Use: Scroll            |       |       |     7 |     2 ||     9
 Armour: Scale mail        |   120 |    69 |   114 |   118 ||   421
  Dodge: Dodged            |    82 |    28 |   107 |    77 ||   294
  Block: Buckler           |    40 |    14 |    52 |     4 ||   110
         Kite shield       |       |       |       |   186 ||   186

Table legend: (Time is in decaauts)
 A = Elapsed time spent in this place.
 B = Non-inter-level travel time spent in this place.
 C = Inter-level travel time spent in this place.
 D = Time resting spent in this place.
 E = Time spent auto-exploring this place.
 F = Levels seen in this place.
 G = Mean time per level.
                   A        B        C        D        E       F      G
               +--------+--------+--------+--------+--------+-----+--------+
         Total |  11474 |  10501 |    973 |   1223 |   7518 |  10 | 1147.4 |
       Dungeon |  11412 |  10488 |    924 |   1223 |   7508 |   9 | 1268.0 |
        Temple |     61 |     12 |     49 |      0 |     10 |   1 |   61.0 |
               +--------+--------+--------+--------+--------+-----+--------+

Top non-repeatable levels by time:
     D:6: 1780 daAuts
     D:8: 1663 daAuts
     D:2: 1294 daAuts
     D:4: 1287 daAuts
     D:7: 1248 daAuts
     D:3: 1128 daAuts
     D:9: 1107 daAuts
     D:1: 958 daAuts
     D:5: 944 daAuts
  Temple: 61 daAuts
